[ AOE2 MATCH · #473243208 ]
UnrankedBurgundians vs Armenians
Player's team · LOSS
[ REPLAY ANALYSIS · EXTRACTED FROM THE RECORDED GAME ]
Feudal
12:39
Castle
19:31
Imperial
—
| APM avg | 36.7 |
| APM peak | 107 |
| eAPM avg | 15.9 |
| Villagers / military | 61 / 4 |
Focus
⚔️ 38.9% · 🌾 61.1%
Fishing Ship ×10 · Coustillier ×2 · Monk ×1 · Fire Galley ×1
Feudal
10:49
Castle
14:44
Imperial
35:33
| APM avg | 33.4 |
| APM peak | 72 |
| eAPM avg | 21.2 |
| Villagers / military | 135 / 267 |
Focus
⚔️ 45.5% · 🌾 54.5%
Cavalry Archer ×250 · Fishing Ship ×16 · Trebuchet (Packed) ×9 · Archer ×4 · Scout Cavalry ×3 · Samurai ×1
Feudal
12:40
Castle
16:15
Imperial
—
| APM avg | 37.3 |
| APM peak | 76 |
| eAPM avg | 21.4 |
| Villagers / military | 109 / 162 |
Focus
⚔️ 28.4% · 🌾 71.6%
Fire Galley ×128 · Fishing Ship ×99 · Unknown (2626) ×49 · Galley ×31 · Trade Cog ×6 · Transport Ship ×1
Feudal
11:40
Castle
17:53
Imperial
29:56
| APM avg | 56.7 |
| APM peak | 103 |
| eAPM avg | 35.3 |
| Villagers / military | 196 / 122 |
Focus
⚔️ 28.6% · 🌾 71.4%
Skirmisher ×71 · Fire Galley ×20 · Fishing Ship ×20 · Cataphract ×15 · Trebuchet (Packed) ×7 · Transport Ship ×5
Feudal
9:20
Castle
19:47
Imperial
48:10
| APM avg | 42.8 |
| APM peak | 91 |
| eAPM avg | 22.7 |
| Villagers / military | 64 / 150 |
Focus
⚔️ 51.5% · 🌾 48.5%
Unknown (2626) ×104 · Galley ×103 · Fishing Ship ×48 · Fire Galley ×37 · Trade Cog ×7 · Transport Ship ×4
Feudal
10:56
Castle
16:09
Imperial
46:39
| APM avg | 53.7 |
| APM peak | 96 |
| eAPM avg | 28.5 |
| Villagers / military | 138 / 119 |
Focus
⚔️ 32.5% · 🌾 67.5%
Bolas Rider ×115 · Fishing Ship ×12 · Kona ×2 · Monk ×1 · Mangonel ×1
Feudal
8:22
Castle
22:12
Imperial
44:18
| APM avg | 36.6 |
| APM peak | 63 |
| eAPM avg | 24.8 |
| Villagers / military | 111 / 239 |
Focus
⚔️ 40.8% · 🌾 59.2%
Militia ×204 · Fishing Ship ×30 · Battering Ram ×18 · Scorpion ×15 · Monk ×2
Feudal
11:48
Castle
15:43
Imperial
38:49
| APM avg | 74.0 |
| APM peak | 128 |
| eAPM avg | 36.8 |
| Villagers / military | 152 / 202 |
Focus
⚔️ 31.9% · 🌾 68.1%
Mangudai ×167 · Fishing Ship ×45 · Fire Galley ×17 · Battering Ram ×8 · Cavalry Archer ×5 · Trebuchet (Packed) ×3
Match map
Initial resources + every placement click. Lines = walls · curves = elevation contours. ◆ gold · ⬟ stone · ● berries · ✦ relic · ◌ wall gap
Your base· ✓ Map-separated
AceLeviathan's base· ✓ Map-separated
IPX-889's base· ✓ Closed at 16:15 · 0t walls · no gate
冬零诗's base· ✓ Map-separated
CharChar's base· ✓ Map-separated
小鸡's base· ✓ Map-separated
ThedissapointedInvader's base· Open — opponent sealed themselves in
重冲王's base· ✓ Map-separated
Smoothed initial terrain · ◌ = detected wall gap · hover for details
Inputs per minute
— Metronomical - - AceLeviathan
Build order — Metronomical
121 actions detected in the replay
| 0:24 | Build | House |
| 0:34 | Build | Dock |
| 1:07 | Research | Double-Bit Axe |
| 3:52 | Create | Fishing Ship |
| 3:53 | Create | Fishing Ship |
| 3:57 | Build | House |
| 3:58 | Build | House |
| 5:20 | Build | Town Center |
| 6:01 | Create | Fishing Ship |
| 6:24 | Create | Villager (Male) |
| 6:26 | Create | Villager (Male) |
| 6:47 | Create | Villager (Male) |
| 6:56 | Create | Fishing Ship |
| 7:29 | Create | Villager (Male) |
| 7:35 | Research | Loom |
| 7:42 | Create | Fishing Ship |
| 7:46 | Create | Villager (Male) |
| 8:07 | Build | House |
| 8:10 | Create | Villager (Male) |
| 8:30 | Create | Fishing Ship |
| 8:57 | Create | Villager (Male) |
| 9:02 | Build | Mining Camp |
| 9:12 | Create | Villager (Male) |
| 9:38 | Create | Fishing Ship |
| 9:49 | Create | Villager (Male) |
| 10:29 | Research | Feudal Age |
| 10:43 | Build | Mill |
| 11:05 | Create | Fishing Ship |
| 11:52 | Create | Fishing Ship |
| 12:13 | Build | House |
| 12:39 | Age | Feudal Age |
| 12:43 | Create | Villager (Male) |
| 12:48 | Build | Market |
| 12:59 | Create | Villager (Male) |
| 13:29 | Create | Villager (Male) |
| 14:04 | Create | Villager (Male) |
| 14:07 | Research | Bow Saw |
| 14:26 | Create | Fire Galley |
| 14:30 | Create | Villager (Male) |
| 14:49 | Create | Villager (Male) |
| 14:58 | Build | Blacksmith |
| 15:18 | Create | Fishing Ship |
| 15:44 | Create | Villager (Male) |
| 16:26 | Create | Villager (Male) |
| 16:35 | Research | Castle Age |
| 16:35 | Research | Castle Age |
| 16:35 | Research | Castle Age |
| 16:43 | Research | Horse Collar |
| 16:48 | Build | Farm |
| 16:50 | Build | Farm |
| 16:55 | Create | Villager (Male) |
| 18:02 | Build | Mining Camp |
| 18:38 | Build | Farm |
| 18:40 | Build | Farm |
| 19:31 | Age | Castle Age |
| 19:41 | Build | Monastery |
| 20:07 | Build | Castle |
| 22:03 | Build | House |
| 22:06 | Build | House |
| 22:24 | Build | Palisade Wall |
| 22:27 | Build | Palisade Wall |
| 23:40 | Create | Coustillier |
| 23:56 | Build | Farm |
| 24:05 | Create | Villager (Male) |
| 24:21 | Build | Farm |
| 24:40 | Create | Villager (Male) |
| 25:04 | Create | Villager (Male) |
| 25:12 | Build | Lumber Camp |
| 26:03 | Create | Villager (Male) |
| 26:37 | Create | Villager (Male) |
| 27:11 | Create | Villager (Male) |
| 28:24 | Create | Coustillier |
| 29:19 | Build | Mill |
| 31:52 | Build | Town Center |
| 32:15 | Build | Town Center |
| 33:25 | Create | Villager (Male) |
| 35:55 | Create | Villager (Male) |
| 36:52 | Create | Villager (Male) |
| 37:13 | Create | Villager (Male) |
| 37:47 | Create | Villager (Male) |
| 38:10 | Create | Villager (Male) |
| 38:52 | Create | Villager (Male) ×2 |
| 39:06 | Build | Mining Camp |
| 39:27 | Create | Villager (Male) |
| 39:41 | Create | Villager (Male) |
| 40:22 | Build | Monastery |
| 40:24 | Create | Villager (Male) |
| 40:27 | Create | Villager (Male) |
| 40:31 | Build | House |
| 40:33 | Build | House |
| 40:40 | Create | Villager (Male) |
| 40:52 | Build | House |
| 40:54 | Build | House |
| 40:57 | Build | House |
| 40:59 | Build | House |
| 41:16 | Create | Villager (Male) |
| 41:20 | Build | House |
| 41:44 | Create | Villager (Male) |
| 41:56 | Build | House |
| 42:40 | Research | Wheelbarrow |
| 42:42 | Create | Monk |
| 42:56 | Create | Villager (Male) |
| 43:55 | Create | Villager (Male) |
| 43:57 | Create | Villager (Male) |
| 44:18 | Create | Villager (Male) |
| 44:52 | Build | Town Center |
| 47:09 | Create | Villager (Male) ×5 |
| 47:19 | Build | Town Center |
| 47:24 | Create | Villager (Male) ×5 |
| 47:27 | Create | Villager (Male) |
| 47:30 | Build | Farm |
| 47:33 | Create | Villager (Male) |
| 47:59 | Create | Villager (Male) |
| 48:16 | Build | House |
| 48:17 | Build | House |
| 48:19 | Build | House |
| 48:30 | Build | House |
| 48:32 | Build | House |
| 49:04 | Create | Villager (Male) ×2 |
| 50:22 | Create | Villager (Male) ×3 |
| 50:29 | Build | Town Center |
Build order — AceLeviathan
First 150 of 607 actions detected
| 0:08 | Build | Dock |
| 0:27 | Build | House |
| 0:28 | Build | House |
| 0:50 | Create | Fishing Ship |
| 1:55 | Build | Town Center |
| 2:52 | Create | Fishing Ship |
| 3:02 | Create | Villager (Male) |
| 3:02 | Create | Villager (Male) |
| 3:02 | Create | Villager (Male) |
| 3:02 | Create | Villager (Male) |
| 3:03 | Create | Villager (Male) |
| 3:45 | Create | Fishing Ship |
| 4:18 | Create | Fishing Ship |
| 4:31 | Build | House |
| 4:53 | Create | Villager (Male) |
| 5:11 | Create | Villager (Male) |
| 5:14 | Create | Fishing Ship |
| 5:38 | Create | Fishing Ship |
| 5:40 | Build | House |
| 5:53 | Create | Villager (Male) |
| 6:13 | Create | Villager (Male) |
| 6:27 | Build | Mill |
| 6:31 | Create | Villager (Male) |
| 6:41 | Create | Fishing Ship |
| 6:59 | Create | Villager (Male) |
| 6:59 | Create | Fishing Ship |
| 7:11 | Create | Fishing Ship |
| 7:20 | Create | Villager (Male) |
| 7:24 | Build | House |
| 7:32 | Build | Dock |
| 7:50 | Create | Villager (Male) |
| 8:16 | Research | Feudal Age |
| 8:46 | Build | Barracks |
| 9:10 | Create | Fishing Ship |
| 9:10 | Create | Fishing Ship |
| 9:18 | Create | Fishing Ship |
| 9:30 | Create | Fishing Ship |
| 9:37 | Build | House |
| 9:53 | Create | Fishing Ship |
| 10:02 | Build | House |
| 10:10 | Build | Palisade Wall |
| 10:27 | Create | Villager (Male) |
| 10:27 | Create | Villager (Male) |
| 10:49 | Age | Feudal Age |
| 10:51 | Build | Blacksmith |
| 11:03 | Build | Market |
| 11:26 | Create | Villager (Male) |
| 11:49 | Build | Archery Range |
| 11:57 | Research | Castle Age |
| 12:11 | Research | Tech 906 |
| 12:35 | Build | Stone Wall |
| 12:43 | Research | Fletching |
| 12:50 | Build | Stable |
| 13:04 | Create | Villager (Male) |
| 13:06 | Research | Padded Archer Armor |
| 13:11 | Create | Fishing Ship |
| 13:11 | Create | Fishing Ship |
| 13:28 | Build | Archery Range |
| 13:46 | Research | Double-Bit Axe |
| 14:09 | Build | Stone Wall |
| 14:36 | Build | House |
| 14:39 | Build | House |
| 14:41 | Build | House |
| 14:44 | Age | Castle Age |
| 14:47 | Create | Cavalry Archer |
| 14:47 | Create | Cavalry Archer |
| 14:52 | Research | Bodkin Arrow |
| 14:52 | Research | Bodkin Arrow |
| 14:54 | Create | Villager (Male) |
| 15:07 | Research | Bow Saw |
| 15:26 | Create | Villager (Male) |
| 15:26 | Create | Villager (Male) |
| 15:43 | Create | Villager (Male) |
| 15:44 | Create | Cavalry Archer |
| 15:44 | Create | Cavalry Archer |
| 16:01 | Create | Villager (Male) |
| 16:05 | Create | Villager (Male) |
| 16:07 | Create | Cavalry Archer |
| 16:15 | Research | Husbandry |
| 16:18 | Create | Cavalry Archer |
| 16:18 | Create | Cavalry Archer |
| 16:20 | Create | Villager (Male) |
| 16:24 | Build | Stone Wall |
| 16:32 | Build | Town Center |
| 16:36 | Create | Cavalry Archer |
| 16:37 | Create | Villager (Male) |
| 16:54 | Create | Villager (Male) |
| 17:02 | Create | Cavalry Archer |
| 17:02 | Create | Cavalry Archer |
| 17:09 | Build | House |
| 17:10 | Build | House |
| 17:14 | Create | Cavalry Archer |
| 17:37 | Create | Cavalry Archer |
| 17:37 | Create | Cavalry Archer |
| 17:38 | Create | Villager (Male) |
| 17:38 | Create | Villager (Male) |
| 17:53 | Create | Villager (Male) |
| 17:56 | Build | University |
| 18:06 | Create | Cavalry Archer |
| 18:06 | Create | Cavalry Archer |
| 18:21 | Create | Villager (Male) |
| 18:37 | Create | Villager (Male) |
| 18:37 | Create | Villager (Male) |
| 18:47 | Create | Cavalry Archer |
| 18:47 | Create | Cavalry Archer |
| 18:55 | Create | Cavalry Archer |
| 18:55 | Create | Cavalry Archer |
| 19:04 | Research | Thumb Ring |
| 19:06 | Create | Cavalry Archer |
| 19:06 | Create | Cavalry Archer |
| 19:12 | Build | Farm |
| 19:13 | Build | Farm |
| 19:13 | Build | Farm |
| 19:13 | Build | Farm |
| 19:27 | Create | Cavalry Archer |
| 19:27 | Create | Cavalry Archer |
| 19:34 | Create | Villager (Male) |
| 19:37 | Research | Loom |
| 19:37 | Create | Villager (Male) |
| 19:40 | Build | Farm |
| 19:48 | Create | Villager (Male) |
| 19:53 | Build | House |
| 19:54 | Build | House |
| 19:54 | Build | House |
| 19:55 | Build | House |
| 19:55 | Build | House |
| 19:55 | Build | House |
| 19:56 | Build | House |
| 19:57 | Create | Villager (Male) |
| 19:58 | Create | Villager (Male) |
| 20:22 | Create | Cavalry Archer |
| 20:23 | Create | Cavalry Archer |
| 20:31 | Create | Cavalry Archer |
| 20:31 | Create | Cavalry Archer |
| 20:36 | Create | Cavalry Archer |
| 20:40 | Create | Villager (Male) |
| 20:54 | Create | Cavalry Archer |
| 20:54 | Create | Cavalry Archer |
| 20:58 | Create | Villager (Male) |
| 21:07 | Create | Cavalry Archer |
| 21:07 | Create | Cavalry Archer |
| 21:13 | Create | Cavalry Archer |
| 21:13 | Create | Cavalry Archer |
| 21:16 | Create | Villager (Male) |
| 21:41 | Create | Villager (Male) |
| 21:44 | Research | Ballistics |
| 21:45 | Create | Cavalry Archer |
| 21:45 | Create | Cavalry Archer |
| 21:45 | Create | Cavalry Archer |
| 21:46 | Create | Villager (Male) |
Build order — IPX-889
First 150 of 394 actions detected
| 0:08 | Build | Dock |
| 0:09 | Build | House |
| 0:09 | Build | House |
| 0:22 | Build | House |
| 1:24 | Build | Town Center |
| 2:11 | Create | Villager (Male) |
| 2:12 | Create | Villager (Male) |
| 2:12 | Create | Villager (Male) |
| 2:12 | Create | Villager (Male) |
| 2:55 | Create | Fishing Ship |
| 2:55 | Create | Fishing Ship |
| 3:39 | Create | Fishing Ship |
| 3:46 | Research | Loom |
| 4:03 | Build | Dock |
| 4:19 | Create | Fishing Ship |
| 4:26 | Create | Villager (Male) |
| 4:26 | Create | Villager (Male) |
| 4:27 | Build | House |
| 4:46 | Create | Villager (Male) |
| 4:46 | Create | Villager (Male) |
| 4:47 | Create | Fishing Ship |
| 5:05 | Create | Villager (Male) |
| 5:06 | Create | Villager (Male) |
| 5:06 | Create | Villager (Male) |
| 5:15 | Create | Fishing Ship |
| 5:15 | Create | Fishing Ship |
| 5:33 | Create | Villager (Male) |
| 5:34 | Create | Villager (Male) |
| 5:43 | Create | Fishing Ship |
| 5:43 | Create | Fishing Ship |
| 5:50 | Build | House |
| 5:58 | Build | House |
| 6:03 | Create | Villager (Male) |
| 6:04 | Create | Villager (Male) |
| 6:04 | Create | Villager (Male) |
| 6:10 | Create | Fishing Ship |
| 6:34 | Create | Villager (Male) |
| 6:36 | Create | Fishing Ship |
| 6:36 | Create | Fishing Ship |
| 6:37 | Create | Villager (Male) |
| 6:37 | Create | Villager (Male) |
| 6:41 | Build | House |
| 6:57 | Create | Fishing Ship |
| 6:58 | Create | Fishing Ship |
| 6:58 | Create | Fishing Ship |
| 7:05 | Create | Villager (Male) |
| 7:05 | Create | Villager (Male) |
| 7:05 | Create | Villager (Male) |
| 7:10 | Build | House |
| 7:26 | Create | Fishing Ship |
| 7:39 | Create | Villager (Male) |
| 7:40 | Create | Villager (Male) |
| 7:49 | Build | Dock |
| 7:58 | Create | Fishing Ship |
| 7:58 | Create | Fishing Ship |
| 7:58 | Create | Fishing Ship |
| 8:00 | Create | Villager (Male) |
| 8:11 | Create | Villager (Male) |
| 8:13 | Build | House |
| 8:18 | Create | Fishing Ship |
| 8:18 | Create | Fishing Ship |
| 8:51 | Create | Fishing Ship |
| 9:17 | Create | Fishing Ship |
| 9:17 | Create | Fishing Ship |
| 9:17 | Create | Fishing Ship |
| 9:29 | Build | Dock |
| 9:31 | Create | Villager (Male) |
| 9:42 | Build | Mill |
| 9:57 | Create | Fishing Ship |
| 9:59 | Create | Villager (Male) |
| 10:01 | Build | House |
| 10:16 | Create | Fishing Ship |
| 10:16 | Create | Fishing Ship |
| 10:30 | Research | Feudal Age |
| 10:30 | Research | Feudal Age |
| 10:34 | Build | Mule Cart |
| 10:59 | Build | Dock |
| 11:30 | Create | Fishing Ship |
| 11:39 | Create | Fishing Ship |
| 11:51 | Create | Villager (Male) |
| 11:52 | Create | Villager (Male) |
| 11:58 | Build | House |
| 12:40 | Age | Feudal Age |
| 12:42 | Build | Market |
| 12:53 | Build | Blacksmith |
| 13:11 | Create | Galley |
| 13:29 | Create | Demolition Raft |
| 13:35 | Research | Castle Age |
| 13:35 | Research | Castle Age |
| 13:35 | Research | Castle Age |
| 13:40 | Create | Unit 2626 |
| 13:40 | Create | Unit 2626 |
| 13:40 | Create | Unit 2626 |
| 13:50 | Research | Double-Bit Axe |
| 13:51 | Research | Fletching |
| 13:55 | Create | Galley |
| 14:25 | Create | Galley ×2 |
| 14:25 | Create | Galley ×2 |
| 14:46 | Build | House |
| 14:53 | Create | Fire Galley ×2 |
| 15:09 | Create | Fire Galley ×2 |
| 15:09 | Create | Fire Galley ×2 |
| 15:26 | Build | House |
| 15:36 | Create | Fire Galley ×2 |
| 15:36 | Create | Fire Galley ×2 |
| 16:03 | Create | Fire Galley ×3 |
| 16:03 | Create | Fire Galley ×3 |
| 16:15 | Age | Castle Age |
| 16:21 | Research | War Galley (upgrade) |
| 16:21 | Research | War Galley (upgrade) |
| 16:36 | Create | Villager (Male) |
| 16:36 | Create | Villager (Male) |
| 16:44 | Create | Fishing Ship |
| 16:44 | Create | Fishing Ship |
| 16:44 | Create | Fishing Ship |
| 16:44 | Create | Fishing Ship |
| 16:45 | Create | Fishing Ship |
| 16:45 | Create | Fishing Ship |
| 16:45 | Create | Fishing Ship |
| 16:51 | Build | House |
| 16:56 | Create | Warrior Priest |
| 17:27 | Create | Fire Galley ×3 |
| 17:27 | Create | Fire Galley ×3 |
| 17:48 | Create | Villager (Male) |
| 17:49 | Create | Villager (Male) |
| 17:56 | Create | Fishing Ship |
| 17:56 | Create | Fishing Ship |
| 17:58 | Create | Fire Galley ×2 |
| 17:58 | Create | Fire Galley ×2 |
| 17:59 | Create | Villager (Male) |
| 18:06 | Create | Villager (Male) |
| 18:15 | Build | Dock |
| 18:36 | Build | Dock |
| 18:53 | Create | Unit 2626 ×2 |
| 18:53 | Create | Unit 2626 ×2 |
| 18:53 | Create | Unit 2626 ×2 |
| 19:10 | Build | House |
| 19:13 | Build | House |
| 19:14 | Build | House |
| 19:15 | Build | House |
| 19:32 | Create | Fire Galley ×2 |
| 19:32 | Create | Fire Galley ×2 |
| 19:38 | Build | House |
| 19:40 | Build | House |
| 19:55 | Create | Unit 2626 ×3 |
| 19:55 | Create | Unit 2626 ×3 |
| 19:56 | Create | Unit 2626 ×3 |
| 20:11 | Create | Galley |
| 20:11 | Create | Galley |
| 20:13 | Create | Villager (Male) |
Build order — 冬零诗
First 150 of 521 actions detected
| 0:07 | Build | House |
| 0:38 | Build | Dock |
| 0:50 | Build | House |
| 1:23 | Build | Town Center |
| 1:32 | Build | Town Center |
| 2:30 | Create | Fishing Ship |
| 2:30 | Create | Fishing Ship |
| 2:41 | Create | Villager (Male) |
| 2:41 | Create | Villager (Male) |
| 2:42 | Create | Villager (Male) |
| 2:42 | Create | Villager (Male) |
| 2:42 | Create | Villager (Male) |
| 2:42 | Create | Villager (Male) |
| 2:52 | Build | House |
| 3:23 | Create | Fishing Ship |
| 3:50 | Create | Fishing Ship |
| 4:17 | Create | Fishing Ship |
| 4:28 | Create | Villager (Male) |
| 4:31 | Build | House |
| 5:04 | Create | Villager (Male) |
| 5:04 | Create | Villager (Male) |
| 5:22 | Create | Villager (Male) |
| 5:35 | Build | Palisade Wall |
| 5:39 | Create | Villager (Male) |
| 5:48 | Create | Fishing Ship |
| 6:06 | Create | Fishing Ship |
| 6:24 | Create | Villager (Male) |
| 6:25 | Create | Villager (Male) |
| 6:28 | Create | Fishing Ship |
| 6:41 | Build | Dock |
| 6:45 | Create | Villager (Male) |
| 6:49 | Build | House |
| 6:58 | Create | Villager (Male) |
| 7:18 | Build | Mill |
| 7:30 | Create | Villager (Male) |
| 7:39 | Create | Villager (Male) |
| 7:41 | Create | Fishing Ship |
| 7:47 | Create | Villager (Male) |
| 8:12 | Create | Villager (Male) |
| 8:19 | Create | Fishing Ship |
| 8:20 | Create | Villager (Male) |
| 8:22 | Create | Fishing Ship |
| 8:23 | Create | Villager (Male) |
| 8:28 | Build | House |
| 8:30 | Create | Villager (Male) |
| 8:41 | Create | Villager (Male) |
| 8:55 | Build | Palisade Wall |
| 8:57 | Build | Mining Camp |
| 9:17 | Create | Fishing Ship |
| 9:18 | Create | Villager (Male) |
| 9:30 | Research | Feudal Age |
| 9:30 | Research | Feudal Age |
| 9:48 | Build | Dock |
| 9:52 | Create | Fishing Ship |
| 9:52 | Create | Fishing Ship |
| 10:04 | Build | Palisade Wall |
| 10:06 | Create | Villager (Male) |
| 10:47 | Create | Villager (Male) |
| 11:02 | Build | Palisade Wall |
| 11:05 | Build | Palisade Wall |
| 11:10 | Create | Villager (Male) |
| 11:22 | Create | Villager (Male) |
| 11:29 | Create | Fishing Ship |
| 11:31 | Create | Fishing Ship |
| 11:34 | Build | Dock |
| 11:37 | Build | Farm |
| 11:39 | Build | Farm |
| 11:40 | Age | Feudal Age |
| 11:41 | Build | Farm |
| 11:44 | Research | Loom |
| 11:44 | Research | Loom |
| 11:45 | Build | House |
| 11:51 | Build | Palisade Wall |
| 12:01 | Create | Villager (Male) |
| 12:02 | Create | Villager (Male) |
| 12:05 | Build | Farm |
| 12:21 | Create | Villager (Male) |
| 12:29 | Create | Villager (Male) |
| 13:00 | Create | Villager (Male) |
| 13:08 | Create | Villager (Male) |
| 13:26 | Build | Market |
| 13:30 | Create | Villager (Male) |
| 13:36 | Create | Villager (Male) |
| 14:09 | Build | Palisade Wall |
| 14:18 | Build | Blacksmith |
| 14:34 | Create | Villager (Male) |
| 14:34 | Create | Villager (Male) |
| 15:11 | Research | Castle Age |
| 15:11 | Research | Castle Age |
| 15:18 | Build | House |
| 15:27 | Create | Trade Cog |
| 15:36 | Build | Lumber Camp |
| 15:44 | Build | House |
| 15:58 | Create | Villager (Male) |
| 16:10 | Research | Double-Bit Axe |
| 16:10 | Research | Double-Bit Axe |
| 16:10 | Research | Double-Bit Axe |
| 16:18 | Create | Fire Galley ×3 |
| 16:19 | Create | Villager (Male) |
| 16:21 | Build | House |
| 16:23 | Build | House |
| 16:28 | Create | Villager (Male) |
| 16:37 | Create | Fire Galley |
| 16:44 | Research | Gold Mining |
| 16:44 | Research | Gold Mining |
| 16:45 | Create | Villager (Male) |
| 17:03 | Create | Villager (Male) |
| 17:16 | Create | Fire Galley |
| 17:16 | Create | Fire Galley |
| 17:16 | Create | Fire Galley |
| 17:16 | Create | Fire Galley |
| 17:19 | Build | House |
| 17:21 | Build | House |
| 17:53 | Create | Fire Galley ×3 |
| 17:53 | Age | Castle Age |
| 17:54 | Create | Villager (Male) |
| 18:01 | Research | War Galley (upgrade) |
| 18:01 | Research | War Galley (upgrade) |
| 18:05 | Create | Villager (Male) |
| 18:06 | Create | Villager (Male) |
| 18:09 | Create | Villager (Male) |
| 18:24 | Create | Villager (Male) |
| 18:27 | Create | Fire Galley |
| 18:39 | Create | Villager (Male) |
| 18:49 | Create | Villager (Male) |
| 18:58 | Build | Town Center |
| 19:12 | Create | Villager (Male) |
| 19:19 | Create | Fire Galley ×2 |
| 19:19 | Create | Fire Galley ×2 |
| 19:27 | Create | Villager (Male) |
| 19:32 | Create | Villager (Male) |
| 19:35 | Create | Villager (Male) |
| 19:39 | Create | Villager (Male) |
| 19:43 | Create | Monk |
| 19:45 | Create | Villager (Male) |
| 20:00 | Build | Lumber Camp |
| 20:10 | Create | Villager (Male) |
| 20:11 | Create | Villager (Male) |
| 20:15 | Research | Wheelbarrow |
| 20:24 | Create | Villager (Male) |
| 20:28 | Create | Villager (Male) |
| 20:59 | Create | Villager (Male) |
| 21:03 | Create | Villager (Male) |
| 21:03 | Create | Villager (Male) |
| 21:04 | Create | Villager (Male) |
| 21:12 | Build | Farm |
| 21:13 | Build | Farm |
| 21:17 | Build | Farm |
| 21:19 | Build | Farm |
| 21:21 | Build | Farm |
Build order — CharChar
First 150 of 487 actions detected
| 0:07 | Build | House |
| 0:09 | Build | House |
| 0:14 | Build | Dock |
| 0:59 | Create | Fishing Ship |
| 1:57 | Build | Town Center |
| 2:57 | Create | Villager (Male) |
| 2:58 | Create | Villager (Male) |
| 2:58 | Create | Villager (Male) |
| 2:58 | Create | Villager (Male) |
| 2:58 | Create | Villager (Male) |
| 2:58 | Create | Villager (Male) |
| 2:59 | Create | Villager (Male) |
| 2:59 | Create | Villager (Male) |
| 3:19 | Create | Fishing Ship |
| 3:52 | Create | Fishing Ship |
| 4:45 | Create | Fishing Ship |
| 4:51 | Build | Dock |
| 5:21 | Build | House |
| 5:22 | Research | Loom |
| 5:41 | Build | House |
| 5:42 | Create | Fishing Ship |
| 5:48 | Create | Fishing Ship |
| 5:50 | Create | Villager (Male) |
| 5:53 | Build | House |
| 6:17 | Create | Villager (Male) |
| 6:21 | Create | Fishing Ship |
| 6:21 | Create | Fishing Ship |
| 6:45 | Create | Villager (Male) |
| 7:09 | Research | Feudal Age |
| 7:21 | Create | Fishing Ship |
| 7:22 | Create | Fishing Ship |
| 8:18 | Build | Mule Cart |
| 8:30 | Create | Fishing Ship |
| 8:35 | Build | Dock |
| 9:17 | Create | Fishing Ship |
| 9:20 | Age | Feudal Age |
| 9:25 | Create | Galley |
| 9:28 | Create | Galley |
| 9:28 | Create | Galley |
| 9:30 | Create | Villager (Male) |
| 9:42 | Create | Galley |
| 9:42 | Create | Galley |
| 9:48 | Create | Villager (Male) |
| 9:55 | Research | Double-Bit Axe |
| 9:55 | Research | Double-Bit Axe |
| 10:13 | Create | Villager (Male) |
| 10:23 | Create | Galley |
| 10:30 | Build | House |
| 10:37 | Build | Blacksmith |
| 10:46 | Research | Town Watch |
| 10:55 | Create | Galley |
| 10:55 | Create | Galley |
| 11:06 | Build | House |
| 11:19 | Create | Galley |
| 11:21 | Create | Villager (Male) |
| 11:22 | Create | Villager (Male) |
| 11:22 | Create | Villager (Male) |
| 11:38 | Create | Galley |
| 11:38 | Create | Galley |
| 11:38 | Create | Galley |
| 11:40 | Research | Fletching |
| 11:57 | Create | Galley |
| 11:57 | Create | Galley |
| 12:10 | Create | Villager (Male) |
| 12:16 | Create | Galley |
| 12:17 | Create | Villager (Male) |
| 12:19 | Build | House |
| 12:48 | Create | Galley |
| 12:48 | Create | Galley |
| 12:48 | Create | Galley |
| 13:11 | Create | Galley |
| 13:11 | Create | Galley |
| 13:12 | Create | Villager (Male) |
| 13:40 | Create | Galley |
| 13:42 | Create | Villager (Male) |
| 14:00 | Build | House |
| 14:01 | Build | House |
| 14:02 | Build | House |
| 14:05 | Build | House |
| 14:05 | Build | House |
| 14:07 | Create | Galley |
| 14:37 | Build | Mill |
| 14:57 | Create | Galley |
| 14:58 | Create | Galley |
| 14:58 | Create | Galley |
| 14:59 | Create | Villager (Male) |
| 15:30 | Create | Galley |
| 15:30 | Create | Galley |
| 15:30 | Create | Galley |
| 15:31 | Create | Villager (Male) |
| 15:50 | Create | Unit 2626 |
| 15:50 | Create | Unit 2626 |
| 15:50 | Create | Unit 2626 |
| 16:16 | Create | Unit 2626 |
| 16:17 | Create | Villager (Male) |
| 16:22 | Build | Market |
| 16:26 | Build | Mule Cart |
| 16:27 | Create | Villager (Male) |
| 16:30 | Build | Mule Cart |
| 16:51 | Create | Unit 2626 |
| 16:51 | Create | Unit 2626 |
| 17:02 | Research | Castle Age |
| 17:08 | Build | Mule Cart |
| 17:23 | Create | Unit 2626 |
| 17:23 | Create | Unit 2626 |
| 17:23 | Create | Unit 2626 |
| 17:59 | Create | Unit 2626 |
| 17:59 | Create | Unit 2626 |
| 17:59 | Create | Unit 2626 |
| 18:00 | Create | Unit 2626 |
| 18:50 | Create | Unit 2626 |
| 18:50 | Create | Unit 2626 |
| 18:51 | Create | Unit 2626 |
| 19:15 | Create | Unit 2626 |
| 19:15 | Create | Unit 2626 |
| 19:16 | Create | Unit 2626 |
| 19:21 | Build | Dock |
| 19:23 | Build | Dock |
| 19:32 | Research | Forging |
| 19:47 | Age | Castle Age |
| 19:52 | Research | War Galley (upgrade) |
| 20:07 | Build | University |
| 20:09 | Create | Unit 2626 |
| 20:10 | Create | Unit 2626 |
| 20:19 | Research | Bow Saw |
| 20:20 | Create | Villager (Male) |
| 20:21 | Create | Villager (Male) |
| 20:26 | Build | Mule Cart |
| 20:29 | Build | Mule Cart |
| 20:50 | Research | Bodkin Arrow |
| 21:12 | Create | Unit 2626 |
| 21:13 | Create | Unit 2626 |
| 21:13 | Create | Unit 2626 |
| 21:13 | Create | Unit 2626 |
| 21:13 | Create | Unit 2626 |
| 21:14 | Create | Unit 2626 |
| 21:51 | Create | Galley |
| 21:51 | Create | Galley |
| 21:51 | Create | Galley |
| 21:52 | Create | Galley |
| 21:52 | Create | Galley |
| 21:52 | Create | Galley |
| 21:59 | Research | Ballistics |
| 22:05 | Research | Tech 908 |
| 22:05 | Research | Tech 908 |
| 22:16 | Create | Unit 2626 |
| 22:16 | Create | Unit 2626 |
| 22:25 | Create | Galley |
| 22:25 | Create | Galley |
| 22:25 | Create | Galley |
Build order — 小鸡
First 150 of 393 actions detected
| 0:14 | Build | House |
| 0:15 | Build | House |
| 1:24 | Build | Dock |
| 2:27 | Build | Town Center |
| 3:31 | Create | Villager (Male) |
| 3:32 | Create | Villager (Male) |
| 3:32 | Create | Villager (Male) |
| 3:32 | Create | Villager (Male) |
| 3:33 | Create | Villager (Male) |
| 3:53 | Research | Loom |
| 3:53 | Research | Loom |
| 3:53 | Research | Loom |
| 3:55 | Create | Fishing Ship |
| 3:55 | Create | Fishing Ship |
| 4:40 | Create | Fishing Ship |
| 4:40 | Create | Fishing Ship |
| 4:52 | Create | Villager (Male) |
| 5:09 | Create | Villager (Male) |
| 5:45 | Build | Settlement |
| 6:20 | Create | Villager (Male) |
| 6:20 | Create | Villager (Male) |
| 6:35 | Create | Fishing Ship |
| 6:35 | Create | Fishing Ship |
| 7:17 | Create | Villager (Male) |
| 7:17 | Create | Villager (Male) |
| 7:34 | Create | Fishing Ship |
| 7:34 | Create | Fishing Ship |
| 7:34 | Create | Fishing Ship |
| 7:35 | Create | Fishing Ship |
| 7:51 | Build | House |
| 7:52 | Build | House |
| 8:21 | Create | Villager (Male) |
| 8:31 | Research | Feudal Age |
| 8:31 | Research | Feudal Age |
| 8:59 | Create | Villager (Male) |
| 9:17 | Build | Settlement |
| 9:26 | Build | Settlement |
| 9:30 | Create | Villager (Male) |
| 9:49 | Create | Fishing Ship |
| 10:09 | Create | Fishing Ship |
| 10:13 | Create | Villager (Male) |
| 10:56 | Age | Feudal Age |
| 11:16 | Build | Market |
| 11:45 | Research | Tech 906 |
| 11:46 | Research | Tech 906 |
| 11:55 | Build | Blacksmith |
| 12:11 | Create | Villager (Male) |
| 12:35 | Create | Villager (Male) |
| 12:39 | Build | House |
| 12:45 | Build | House |
| 12:46 | Build | House |
| 12:52 | Create | Villager (Male) |
| 13:13 | Build | House |
| 13:14 | Build | Palisade Wall |
| 13:29 | Research | Castle Age |
| 13:29 | Research | Castle Age |
| 13:51 | Create | Villager (Male) |
| 14:37 | Create | Villager (Male) |
| 14:59 | Build | Settlement |
| 15:06 | Build | Barracks |
| 15:20 | Research | Wheelbarrow |
| 15:20 | Research | Wheelbarrow |
| 15:55 | Create | Villager (Male) |
| 16:06 | Build | Archery Range |
| 16:09 | Age | Castle Age |
| 16:21 | Build | Archery Range |
| 16:59 | Research | Fletching |
| 16:59 | Research | Fletching |
| 17:00 | Research | Padded Archer Armor |
| 17:00 | Research | Padded Archer Armor |
| 17:11 | Create | Monk |
| 17:27 | Build | Archery Range |
| 17:35 | Create | Villager (Male) |
| 17:49 | Create | Bolas Rider |
| 17:50 | Create | Bolas Rider |
| 17:50 | Create | Bolas Rider |
| 17:54 | Research | Bodkin Arrow |
| 17:54 | Research | Bodkin Arrow |
| 17:56 | Create | Villager (Male) |
| 18:03 | Create | Villager (Male) |
| 18:15 | Create | Bolas Rider |
| 18:15 | Create | Bolas Rider |
| 18:15 | Create | Bolas Rider |
| 18:56 | Create | Villager (Male) |
| 19:30 | Research | Leather Archer Armor |
| 19:31 | Research | Leather Archer Armor |
| 19:37 | Build | University |
| 19:58 | Create | Villager (Male) |
| 20:05 | Create | Bolas Rider |
| 20:05 | Create | Bolas Rider |
| 20:06 | Create | Bolas Rider |
| 20:06 | Create | Bolas Rider |
| 20:06 | Create | Bolas Rider |
| 20:07 | Create | Bolas Rider |
| 20:08 | Create | Villager (Male) |
| 20:12 | Create | Bolas Rider |
| 20:12 | Create | Bolas Rider |
| 20:18 | Create | Villager (Male) |
| 20:30 | Create | Villager (Male) |
| 20:36 | Create | Bolas Rider |
| 20:37 | Create | Bolas Rider |
| 20:37 | Create | Bolas Rider |
| 20:37 | Create | Bolas Rider |
| 20:45 | Create | Villager (Male) |
| 21:19 | Create | Villager (Male) |
| 21:21 | Create | Bolas Rider |
| 21:21 | Create | Bolas Rider |
| 21:21 | Create | Bolas Rider |
| 21:22 | Create | Bolas Rider |
| 21:22 | Create | Bolas Rider |
| 21:22 | Create | Bolas Rider |
| 21:45 | Create | Villager (Male) |
| 22:01 | Research | Ballistics |
| 22:02 | Research | Ballistics |
| 22:49 | Create | Villager (Male) |
| 23:19 | Create | Villager (Male) |
| 23:19 | Create | Villager (Male) |
| 23:26 | Create | Bolas Rider |
| 23:26 | Create | Bolas Rider |
| 23:26 | Create | Bolas Rider |
| 23:26 | Create | Bolas Rider |
| 23:42 | Build | House |
| 23:43 | Build | House |
| 23:43 | Build | House |
| 23:44 | Build | House |
| 24:04 | Build | Town Center |
| 24:30 | Build | Market |
| 24:41 | Build | Blacksmith |
| 24:48 | Create | Villager (Male) |
| 25:45 | Create | Villager (Male) |
| 26:14 | Create | Villager (Male) |
| 26:15 | Create | Villager (Male) |
| 26:24 | Create | Bolas Rider ×5 |
| 26:24 | Create | Bolas Rider ×5 |
| 26:24 | Create | Bolas Rider |
| 27:04 | Create | Villager (Male) |
| 27:04 | Create | Villager (Male) |
| 27:10 | Build | Settlement |
| 27:59 | Create | Villager (Male) |
| 28:19 | Build | Town Center |
| 28:25 | Create | Bolas Rider |
| 28:25 | Create | Bolas Rider |
| 28:25 | Create | Bolas Rider |
| 28:38 | Build | Farm |
| 28:38 | Build | Farm |
| 28:38 | Build | Farm |
| 28:39 | Build | Farm |
| 28:39 | Build | Farm |
| 28:39 | Build | Farm |
| 28:39 | Build | Farm |
Build order — ThedissapointedInvader
First 150 of 519 actions detected
| 0:15 | Build | Dock |
| 0:51 | Build | House |
| 1:02 | Build | House |
| 1:12 | Create | Fishing Ship |
| 2:57 | Build | Town Center |
| 3:54 | Create | Villager (Male) |
| 4:20 | Create | Fishing Ship |
| 4:20 | Create | Villager (Male) |
| 4:36 | Create | Fishing Ship |
| 4:40 | Create | Villager (Male) |
| 4:48 | Build | House |
| 5:19 | Create | Fishing Ship |
| 5:23 | Create | Villager (Male) |
| 6:12 | Research | Feudal Age |
| 6:13 | Research | Feudal Age |
| 6:15 | Research | Loom |
| 7:03 | Build | Barracks |
| 7:33 | Build | Dock |
| 8:04 | Build | House |
| 8:18 | Build | Dock |
| 8:22 | Age | Feudal Age |
| 8:24 | Create | Villager (Male) |
| 8:28 | Research | Man-at-Arms (upgrade) |
| 8:45 | Research | Double-Bit Axe |
| 8:47 | Create | Villager (Male) |
| 9:00 | Build | Mule Cart |
| 9:07 | Create | Militia |
| 9:07 | Create | Militia |
| 9:08 | Create | Villager (Male) |
| 9:29 | Create | Fishing Ship |
| 9:30 | Create | Fishing Ship |
| 9:48 | Create | Villager (Male) |
| 9:49 | Create | Militia |
| 10:03 | Build | Barracks |
| 10:08 | Create | Militia |
| 10:20 | Create | Fishing Ship |
| 10:21 | Create | Fishing Ship |
| 10:29 | Create | Villager (Male) |
| 10:57 | Create | Villager (Male) |
| 11:03 | Build | House |
| 11:05 | Build | House |
| 11:06 | Build | House |
| 11:11 | Research | Long Swordsman (upgrade) |
| 11:15 | Create | Militia |
| 11:21 | Create | Fishing Ship |
| 11:21 | Create | Fishing Ship |
| 11:28 | Build | House |
| 11:39 | Research | Tech 906 |
| 12:01 | Create | Villager (Male) |
| 12:14 | Build | Blacksmith |
| 12:16 | Create | Militia |
| 12:17 | Create | Militia |
| 12:17 | Create | Militia |
| 12:17 | Create | Militia |
| 12:32 | Research | Arson |
| 12:54 | Create | Villager (Male) |
| 12:56 | Create | Militia |
| 12:57 | Create | Militia |
| 13:10 | Create | Fishing Ship |
| 13:10 | Create | Fishing Ship |
| 13:10 | Create | Fishing Ship |
| 13:23 | Create | Villager (Male) |
| 13:29 | Build | Mill |
| 13:32 | Research | Scale Mail Armor |
| 13:32 | Research | Scale Mail Armor |
| 13:51 | Build | Mule Cart |
| 13:52 | Create | Villager (Male) |
| 13:52 | Create | Villager (Male) |
| 14:12 | Create | Militia |
| 14:12 | Create | Militia |
| 14:12 | Create | Militia |
| 14:22 | Create | Fishing Ship ×3 |
| 14:46 | Create | Militia |
| 14:46 | Create | Militia |
| 14:47 | Create | Militia |
| 14:50 | Create | Fishing Ship |
| 14:56 | Create | Villager (Male) |
| 15:09 | Build | Dock |
| 15:11 | Create | Militia |
| 15:11 | Create | Militia |
| 15:11 | Create | Militia |
| 15:12 | Create | Militia |
| 15:25 | Create | Villager (Male) |
| 15:26 | Create | Villager (Male) |
| 15:32 | Build | Barracks |
| 15:45 | Create | Militia |
| 15:45 | Create | Militia |
| 15:45 | Create | Militia |
| 15:54 | Create | Militia |
| 15:54 | Create | Militia |
| 15:58 | Create | Fishing Ship |
| 15:59 | Create | Fishing Ship |
| 15:59 | Create | Fishing Ship |
| 16:11 | Create | Militia |
| 16:11 | Create | Militia |
| 16:14 | Build | House |
| 16:14 | Build | House |
| 16:15 | Build | House |
| 16:15 | Build | House |
| 16:42 | Create | Villager (Male) |
| 16:44 | Build | House |
| 16:45 | Build | House |
| 16:45 | Build | House |
| 16:51 | Create | Militia |
| 16:52 | Create | Militia |
| 16:52 | Create | Militia |
| 17:07 | Build | Market |
| 17:18 | Create | Militia |
| 17:19 | Create | Militia |
| 17:19 | Create | Militia |
| 17:25 | Research | Forging |
| 17:25 | Research | Forging |
| 17:38 | Create | Villager (Male) |
| 18:20 | Create | Militia |
| 18:20 | Create | Militia |
| 18:20 | Create | Militia |
| 18:21 | Create | Militia |
| 18:21 | Create | Militia |
| 18:31 | Build | Mule Cart |
| 18:42 | Create | Villager (Male) |
| 18:42 | Create | Villager (Male) |
| 19:04 | Create | Villager (Male) |
| 19:19 | Build | Mule Cart |
| 19:27 | Research | Castle Age |
| 19:28 | Research | Castle Age |
| 20:12 | Build | Dock |
| 20:35 | Build | Dock |
| 20:39 | Build | House |
| 21:00 | Create | Militia |
| 21:00 | Create | Militia |
| 21:00 | Create | Militia |
| 21:00 | Create | Militia |
| 21:01 | Create | Militia |
| 21:28 | Create | Fishing Ship ×3 |
| 21:29 | Create | Fishing Ship ×3 |
| 21:33 | Create | Militia |
| 21:33 | Create | Militia |
| 21:33 | Create | Militia |
| 21:33 | Create | Militia |
| 21:37 | Build | House |
| 21:37 | Build | House |
| 21:38 | Build | House |
| 21:39 | Build | House |
| 21:46 | Create | Militia |
| 21:46 | Create | Militia |
| 21:46 | Create | Militia |
| 21:47 | Create | Militia |
| 21:47 | Create | Militia |
| 22:10 | Create | Militia |
| 22:11 | Create | Militia |
Build order — 重冲王
First 150 of 586 actions detected
| 0:11 | Build | Dock |
| 0:39 | Build | House |
| 0:40 | Build | House |
| 1:53 | Build | Town Center |
| 2:13 | Build | House |
| 2:55 | Create | Fishing Ship |
| 2:56 | Create | Villager (Male) |
| 2:57 | Create | Villager (Male) |
| 2:57 | Create | Villager (Male) |
| 3:35 | Create | Fishing Ship |
| 3:37 | Create | Villager (Male) |
| 3:40 | Build | House |
| 4:01 | Create | Fishing Ship |
| 4:04 | Create | Villager (Male) |
| 4:19 | Build | House |
| 4:30 | Create | Fishing Ship |
| 4:51 | Create | Villager (Male) |
| 5:22 | Build | House |
| 5:27 | Create | Fishing Ship |
| 5:28 | Create | Villager (Male) |
| 5:28 | Create | Villager (Male) |
| 5:28 | Create | Villager (Male) |
| 5:28 | Create | Villager (Male) |
| 5:29 | Create | Villager (Male) |
| 5:52 | Build | Palisade Wall |
| 5:59 | Create | Fishing Ship |
| 6:00 | Create | Villager (Male) |
| 6:32 | Create | Villager (Male) |
| 6:36 | Create | Fishing Ship |
| 6:55 | Build | Lumber Camp |
| 7:01 | Build | Palisade Wall |
| 7:02 | Build | Palisade Wall |
| 7:04 | Create | Villager (Male) |
| 7:33 | Build | House |
| 7:39 | Create | Fishing Ship |
| 7:42 | Create | Villager (Male) |
| 7:55 | Create | Villager (Male) |
| 8:06 | Build | Mill |
| 8:18 | Create | Fishing Ship |
| 8:21 | Create | Villager (Male) |
| 9:00 | Build | Dock |
| 9:01 | Create | Villager (Male) |
| 9:03 | Research | Feudal Age |
| 9:23 | Build | Mining Camp |
| 9:25 | Build | Mining Camp |
| 9:35 | Create | Fishing Ship |
| 9:35 | Create | Fishing Ship |
| 9:37 | Create | Villager (Male) |
| 9:46 | Create | Fishing Ship |
| 9:54 | Build | House |
| 9:55 | Build | House |
| 9:58 | Create | Villager (Male) |
| 10:28 | Create | Fishing Ship |
| 10:34 | Create | Fishing Ship |
| 10:40 | Create | Villager (Male) |
| 11:48 | Age | Feudal Age |
| 11:51 | Build | Market |
| 11:53 | Build | Blacksmith |
| 11:54 | Research | Double-Bit Axe |
| 11:55 | Research | Horse Collar |
| 11:55 | Research | Horse Collar |
| 12:22 | Build | House |
| 12:45 | Research | Castle Age |
| 12:45 | Research | Castle Age |
| 12:52 | Build | Mining Camp |
| 13:17 | Build | Dock |
| 13:39 | Research | Forging |
| 13:41 | Research | Fletching |
| 13:41 | Research | Fletching |
| 13:41 | Research | Fletching |
| 13:44 | Create | Villager (Male) |
| 14:27 | Create | Fire Galley |
| 14:27 | Create | Fire Galley |
| 14:28 | Create | Fire Galley |
| 14:34 | Create | Villager (Male) |
| 14:59 | Create | Fire Galley |
| 15:02 | Create | Villager (Male) |
| 15:43 | Age | Castle Age |
| 15:51 | Research | War Galley (upgrade) |
| 15:51 | Research | War Galley (upgrade) |
| 15:57 | Create | Fire Galley |
| 15:57 | Create | Fire Galley |
| 16:15 | Create | Unit 2626 |
| 16:33 | Build | Castle |
| 16:38 | Create | Fire Galley |
| 16:50 | Create | Fire Galley |
| 16:51 | Create | Fire Galley |
| 16:51 | Create | Fire Galley |
| 17:03 | Create | Villager (Male) |
| 17:06 | Create | Fire Galley |
| 17:06 | Create | Fire Galley |
| 17:06 | Create | Fire Galley |
| 17:10 | Create | Villager (Male) |
| 17:22 | Build | House |
| 17:26 | Build | Lumber Camp |
| 17:36 | Create | Fire Galley |
| 17:38 | Create | Villager (Male) |
| 17:41 | Build | House |
| 17:42 | Build | House |
| 17:42 | Build | House |
| 17:59 | Create | Villager (Male) |
| 18:03 | Create | Mangudai |
| 18:03 | Create | Mangudai |
| 18:03 | Create | Mangudai |
| 18:14 | Create | Villager (Male) |
| 18:27 | Create | Fishing Ship |
| 18:30 | Create | Fishing Ship |
| 18:48 | Create | Mangudai |
| 18:48 | Create | Mangudai |
| 18:50 | Create | Villager (Male) |
| 18:52 | Build | House |
| 18:56 | Create | Villager (Male) |
| 19:17 | Create | Mangudai |
| 19:31 | Build | Barracks |
| 19:35 | Create | Mangudai |
| 19:46 | Create | Mangudai |
| 19:56 | Build | Siege Workshop |
| 20:03 | Create | Mangudai |
| 20:05 | Create | Villager (Male) |
| 20:25 | Create | Villager (Male) |
| 20:30 | Create | Mangudai |
| 20:35 | Build | Stable |
| 20:42 | Create | Villager (Male) |
| 20:43 | Build | Stone Wall |
| 20:55 | Create | Villager (Male) |
| 21:12 | Create | Mangudai |
| 21:20 | Create | Battering Ram |
| 21:20 | Create | Battering Ram |
| 21:20 | Create | Battering Ram |
| 21:23 | Build | Outpost |
| 21:37 | Create | Fishing Ship |
| 21:37 | Create | Fishing Ship |
| 21:37 | Create | Fishing Ship |
| 21:37 | Create | Fishing Ship |
| 21:37 | Create | Fishing Ship |
| 21:37 | Create | Fishing Ship |
| 21:38 | Create | Villager (Male) |
| 21:53 | Create | Mangudai |
| 22:02 | Create | Mangudai |
| 22:29 | Create | Mangudai |
| 22:31 | Create | Villager (Male) |
| 22:32 | Create | Villager (Male) |
| 22:35 | Build | Town Center |
| 22:57 | Create | Mangudai |
| 23:01 | Create | Villager (Male) |
| 23:14 | Create | Battering Ram |
| 23:15 | Create | Battering Ram |
| 23:18 | Create | Villager (Male) |
| 23:20 | Create | Mangudai |
| 23:24 | Create | Villager (Male) |
Match timeline
| 0:08 | AceLeviathan · first_building Dock |
| 0:08 | IPX-889 · first_building Dock |
| 0:11 | 重冲王 · first_building Dock |
| 0:14 | CharChar · first_building Dock |
| 0:15 | ThedissapointedInvader · first_building Dock |
| 0:34 | Metronomical · first_building Dock |
| 0:38 | 冬零诗 · first_building Dock |
| 1:24 | 小鸡 · first_building Dock |
| 5:35 | 冬零诗 · wall_segment Palisade Wall x1 |
| 5:52 | 重冲王 · wall_segment Palisade Wall x9 |
| 7:01 | 重冲王 · wall_segment Palisade Wall x4 |
| 7:02 | 重冲王 · wall_segment Palisade Wall x3 |
| 7:03 | ThedissapointedInvader · first_building Barracks |
| 8:22 | ThedissapointedInvader · age_up feudal |
| 8:46 | AceLeviathan · first_building Barracks |
| 8:55 | 冬零诗 · wall_segment Palisade Wall x7 |
| 9:20 | CharChar · age_up feudal |
| 10:04 | 冬零诗 · wall_segment Palisade Wall x5 |
| 10:10 | AceLeviathan · wall_segment Palisade Wall x7 |
| 10:49 | AceLeviathan · age_up feudal |
| 10:56 | 小鸡 · age_up feudal |
| 11:02 | 冬零诗 · wall_segment Palisade Wall x1 |
| 11:05 | 冬零诗 · wall_segment Palisade Wall x1 |
| 11:40 | 冬零诗 · age_up feudal |
| 11:48 | 重冲王 · age_up feudal |
| 11:49 | AceLeviathan · first_building Archery Range |
| 11:51 | 冬零诗 · wall_segment Palisade Wall x4 |
| 12:35 | AceLeviathan · wall_segment Stone Wall x12 |
| 12:39 | Metronomical · age_up feudal |
| 12:40 | IPX-889 · age_up feudal |
| 12:50 | AceLeviathan · first_building Stable |
| 12:57 | 小鸡 · first_market_buy 100 food |
| 13:14 | 小鸡 · wall_segment Palisade Wall x1 |
| 13:28 | 小鸡 · first_market_sell 100 wood |
| 14:09 | 冬零诗 · wall_segment Palisade Wall x1 |
| 14:09 | AceLeviathan · wall_segment Stone Wall x7 |
| 14:44 | AceLeviathan · age_up castle |
| 14:56 | Metronomical · first_market_buy 100 wood |
| 15:06 | 小鸡 · first_building Barracks |
| 15:43 | 重冲王 · age_up castle |
| 15:49 | 重冲王 · first_market_sell 100 food |
| 15:50 | 重冲王 · first_market_buy 100 wood |
| 16:01 | IPX-889 · first_market_sell 500 food |
| 16:06 | 小鸡 · first_building Archery Range |
| 16:09 | 小鸡 · age_up castle |
| 16:13 | 冬零诗 · first_market_sell 100 food |
| 16:14 | 冬零诗 · first_market_buy 100 wood |
| 16:15 | IPX-889 · age_up castle |
| 16:24 | AceLeviathan · wall_segment Stone Wall x1 |
| 16:28 | Metronomical · first_market_sell 100 wood |
| 16:33 | 重冲王 · first_building Castle |
| 17:00 | AceLeviathan · first_market_sell 100 food |
| 17:53 | 冬零诗 · age_up castle |
| 18:25 | ThedissapointedInvader · first_market_buy 100 food |
| 18:34 | IPX-889 · first_market_buy 100 wood |
| 19:07 | ThedissapointedInvader · first_market_sell 100 stone |
| 19:31 | Metronomical · age_up castle |
| 19:31 | 重冲王 · first_building Barracks |
| 19:41 | Metronomical · first_building Monastery |
| 19:47 | CharChar · age_up castle |
| 19:56 | 重冲王 · first_building Siege Workshop |
| 20:07 | Metronomical · first_building Castle |
| 20:35 | 重冲王 · first_building Stable |
| 20:43 | 重冲王 · wall_segment Stone Wall x6 |
| 21:46 | 冬零诗 · wall_segment Stone Wall x1 |
| 22:12 | ThedissapointedInvader · age_up castle |
| 22:24 | Metronomical · wall_segment Palisade Wall x1 |
| 22:27 | Metronomical · wall_segment Palisade Wall x1 |
| 22:30 | 冬零诗 · first_building Castle |
| 24:16 | ThedissapointedInvader · first_building Siege Workshop |
| 25:11 | CharChar · first_market_sell 100 food |
| 26:49 | 小鸡 · tribute_sent a jugador 1 |
| 26:49 | 小鸡 · tribute_sent a jugador 2 |
| 26:49 | 小鸡 · tribute_sent a jugador 3 |
| 26:49 | 小鸡 · tribute_sent a jugador 4 |
| 26:49 | 小鸡 · tribute_sent a jugador 5 |
| 26:49 | 小鸡 · tribute_sent a jugador 7 |
| 26:49 | 小鸡 · tribute_sent a jugador 8 |
| 26:55 | AceLeviathan · first_building Monastery |
| 27:24 | 冬零诗 · first_building Siege Workshop |
| 29:06 | 小鸡 · first_building Siege Workshop |
| 29:56 | 冬零诗 · age_up imperial |
| 30:46 | AceLeviathan · tribute_sent a jugador 2 |
| 30:46 | AceLeviathan · tribute_sent a jugador 3 |
| 30:46 | AceLeviathan · tribute_sent a jugador 4 |
| 30:46 | AceLeviathan · tribute_sent a jugador 5 |
| 30:46 | AceLeviathan · tribute_sent a jugador 6 |
| 30:46 | AceLeviathan · tribute_sent a jugador 7 |
| 30:46 | AceLeviathan · tribute_sent a jugador 8 |
| 30:52 | 重冲王 · wall_segment Stone Wall x1 |
| 30:53 | 重冲王 · wall_segment Stone Wall x1 |
| 32:09 | AceLeviathan · first_market_buy 100 food |
| 32:37 | 重冲王 · first_building Monastery |
| 33:25 | 重冲王 · first_building Archery Range |
| 33:30 | AceLeviathan · first_building Castle |
| 33:53 | 冬零诗 · first_building Barracks |
| 34:52 | 冬零诗 · first_building Archery Range |
| 35:33 | AceLeviathan · age_up imperial |
| 35:37 | 冬零诗 · tribute_sent a jugador 1 |
| 35:37 | 冬零诗 · tribute_sent a jugador 2 |
| 35:37 | 冬零诗 · tribute_sent a jugador 3 |
| 35:37 | 冬零诗 · tribute_sent a jugador 5 |
| 35:37 | 冬零诗 · tribute_sent a jugador 6 |
| 35:37 | 冬零诗 · tribute_sent a jugador 7 |
| 35:37 | 冬零诗 · tribute_sent a jugador 8 |
| 36:52 | CharChar · first_market_buy 100 stone |
| 36:56 | 重冲王 · tribute_sent a jugador 1 |
| 36:56 | 重冲王 · tribute_sent a jugador 2 |
| 36:56 | 重冲王 · tribute_sent a jugador 3 |
| 36:56 | 重冲王 · tribute_sent a jugador 4 |
| 36:56 | 重冲王 · tribute_sent a jugador 5 |
| 36:56 | 重冲王 · tribute_sent a jugador 6 |
| 36:56 | 重冲王 · tribute_sent a jugador 7 |
| 38:19 | 小鸡 · first_building Castle |
| 38:49 | 重冲王 · age_up imperial |
| 38:56 | ThedissapointedInvader · first_building Castle |
| 39:02 | 冬零诗 · tribute_sent a jugador 1 |
| 39:02 | 冬零诗 · tribute_sent a jugador 2 |
| 39:02 | 冬零诗 · tribute_sent a jugador 3 |
| 39:02 | 冬零诗 · tribute_sent a jugador 5 |
| 39:02 | 冬零诗 · tribute_sent a jugador 6 |
| 39:02 | 冬零诗 · tribute_sent a jugador 7 |
| 39:02 | 冬零诗 · tribute_sent a jugador 8 |
| 39:34 | 小鸡 · tribute_sent a jugador 1 |
| 39:34 | 小鸡 · tribute_sent a jugador 2 |
| 39:34 | 小鸡 · tribute_sent a jugador 3 |
| 39:34 | 小鸡 · tribute_sent a jugador 4 |
| 39:34 | 小鸡 · tribute_sent a jugador 5 |
| 39:34 | 小鸡 · tribute_sent a jugador 7 |
| 39:34 | 小鸡 · tribute_sent a jugador 8 |
| 44:18 | ThedissapointedInvader · age_up imperial |
| 44:32 | 冬零诗 · tribute_sent a jugador 1 |
| 44:32 | 冬零诗 · tribute_sent a jugador 2 |
| 44:32 | 冬零诗 · tribute_sent a jugador 3 |
| 44:32 | 冬零诗 · tribute_sent a jugador 5 |
| 44:32 | 冬零诗 · tribute_sent a jugador 6 |
| 44:32 | 冬零诗 · tribute_sent a jugador 7 |
| 44:32 | 冬零诗 · tribute_sent a jugador 8 |
| 45:17 | CharChar · first_building Castle |
| 46:08 | AceLeviathan · tribute_sent a jugador 2 |
| 46:08 | AceLeviathan · tribute_sent a jugador 3 |
| 46:08 | AceLeviathan · tribute_sent a jugador 4 |
| 46:08 | AceLeviathan · tribute_sent a jugador 5 |
| 46:08 | AceLeviathan · tribute_sent a jugador 6 |
| 46:08 | AceLeviathan · tribute_sent a jugador 7 |
| 46:08 | AceLeviathan · tribute_sent a jugador 8 |
| 46:39 | 小鸡 · age_up imperial |
| 47:54 | CharChar · first_building Monastery |
| 48:10 | CharChar · age_up imperial |
| 48:38 | CharChar · first_building Barracks |
| 49:50 | ThedissapointedInvader · tribute_sent a jugador 1 |
| 49:50 | ThedissapointedInvader · tribute_sent a jugador 2 |
| 49:50 | ThedissapointedInvader · tribute_sent a jugador 3 |
| 49:50 | ThedissapointedInvader · tribute_sent a jugador 4 |
| 49:50 | ThedissapointedInvader · tribute_sent a jugador 5 |
| 49:50 | ThedissapointedInvader · tribute_sent a jugador 6 |
| 49:50 | ThedissapointedInvader · tribute_sent a jugador 8 |
| 50:09 | 冬零诗 · tribute_sent a jugador 1 |
| 50:09 | 冬零诗 · tribute_sent a jugador 2 |
| 50:09 | 冬零诗 · tribute_sent a jugador 3 |
| 50:09 | 冬零诗 · tribute_sent a jugador 5 |
| 50:09 | 冬零诗 · tribute_sent a jugador 6 |
| 50:09 | 冬零诗 · tribute_sent a jugador 7 |
| 50:09 | 冬零诗 · tribute_sent a jugador 8 |
| 50:17 | ThedissapointedInvader · tribute_sent a jugador 1 |
| 50:17 | ThedissapointedInvader · tribute_sent a jugador 2 |
| 50:17 | ThedissapointedInvader · tribute_sent a jugador 3 |
| 50:17 | ThedissapointedInvader · tribute_sent a jugador 4 |
| 50:17 | ThedissapointedInvader · tribute_sent a jugador 5 |
| 50:17 | ThedissapointedInvader · tribute_sent a jugador 6 |
| 50:17 | ThedissapointedInvader · tribute_sent a jugador 8 |
| 50:30 | 小鸡 · resign |
[ AI ANALYSIS · 1 CREDIT ]
What really happened in this match?
Wolo.gg analyzes every decision: build order, eco, micro, common mistakes by bracket. Personalized analysis on WhatsApp or Discord in 30 seconds.
Civ guide
Burgundians
Perfil
Jugador #4322878